 Dungeon Crawl Stone Soup version 0.31-a0-702-gf82c85558f (webtiles) character file.

Game seed: 15903139584802821021

40 qw the Shooter (level 3, -7/22 HPs)
             Began as a Gargoyle Hunter on Sept 8, 2023.
             Killed by divine providence
             ... invoked by an orc priest
              (11 damage)
             ... on level 2 of the Dungeon.
             The game lasted 00:00:18 (1199 turns).

qw the Shooter (Gargoyle Hunter)                    Turns: 1199, Time: 00:00:19

Health: -7/22      AC: 10    Str: 14    XL:     3   Next: 50%
Magic:  3/3        EV: 10    Int:  9    God:
Gold:   25         SH:  0    Dex: 15    Spells: 2/2 levels left

rFire   . . .        Y - +0 shortbow
rCold   . . .        (shield currently unavailable)
rNeg    + . .        g - +0 ring mail
rPois   inf          (no helmet)
rElec   +            (no cloak)
rCorr   .            k - +0 pair of gloves
SInv    .            d - +0 pair of boots
Will    .....        (no amulet)
Stlth   +            (no ring)
HPRegen 0.23/turn    (no ring)
MPRegen 0.08/turn

%: no passive effects
@: about to teleport
A: sickness immunity, AC +3, negative energy resistance 1, electricity
resistance, torment resistance 1, petrification resistance
a: no special abilities


You were on level 2 of the Dungeon.
You visited 1 branch of the dungeon, and saw 2 of its levels.

You collected 25 gold pieces.


Innate Abilities, Weirdness & Mutations

You are immune to sickness and miasma.
Your stone body is resilient. (AC +3)
You are immune to poison.
You resist negative energy. (rN+)
You are resistant to electric shocks. (rElec)
You are resistant to unholy torment.
You are immune to petrification.


   Skills:
 + Level 2.3 Fighting
 - Level 5.0 Ranged Weapons
 - Level 1.0 Armour
 - Level 1.5 Dodging
 - Level 1.1 Stealth


You had 2 spell levels left.
You didn't know any spells.
Your spell library was empty.

Inventory:

Hand Weapons
 Y - a +0 shortbow (weapon)
Armour
 d - a +0 pair of boots (worn)
 g - a +0 ring mail (worn)
 k - a +0 pair of gloves (worn)
Scrolls
 b - 2 scrolls of amnesia {unknown}
Potions
 f - a potion of lignification {unknown}
 h - a potion of heal wounds {unknown}
 j - a potion of curing

Dungeon Overview and Level Annotations

Branches:
Dungeon (2/15)

Altars:

Shops:
D:1 *(=


Message History

The orc barely misses you.
You shoot an arrow. The arrow barely misses the orc.
The orc barely misses you. The orc misses you.
You shoot an arrow. The arrow barely misses the orc.
The orc hits you with a +0 heavy hand axe.
The orc wizard gestures wildly while chanting.
The orc wizard flickers and vanishes!
Deactivating autopickup; reactivate with Ctrl-A.
You shoot an arrow. The arrow barely misses the orc.
Something hits you.
The orc hits you with a +0 heavy hand axe!
You shoot an arrow. The arrow closely misses the orc.
Something hits you but does no damage. The orc barely misses you.
Something hits you but does no damage.
You shoot an arrow. The arrow closely misses the orc.
You shoot an arrow. The arrow barely misses the orc.
The orc closely misses you.
You shoot an arrow. The arrow closely misses the orc.
Something hits you but does no damage. The orc misses you.
You shoot an arrow. The arrow hits the orc!
You kill the orc!
Something hits you but does no damage.
The orc priest hits you from afar with a +0 trident.
The orc closely misses you. Something hits you.
The orc priest barely misses you.
1197 ||| READING scroll of teleportation.
As you read the scroll of teleportation, it crumbles to dust.
You feel strangely unstable. Something hits you but does no damage.
The orc barely misses you. The orc priest barely misses you.
You shoot an arrow. The arrow completely misses the orc.
Something hits you but does no damage. The orc closely misses you.
The orc priest hits you but does no damage.
You shoot an arrow. The arrow hits the orc.
The orc is moderately wounded.
Something hits you but does no damage. The orc barely misses you.
The orc priest mumbles some strange prayers to Beogh against you.
Beogh smites you!
Ouch! That really hurt!
You die...

.# #.# #.# #.#.#
###.#.#.#.# ####
#.....#.#.# .....
#.#.# #.#.#
...8..#@#.# #.#.#
.....oo.#.###.#.#
..............#.#.#...
.......##...#.........
...8.....##.#.#.##..#.
.........##.#.#...
#####....##.#.#####
......##.#.#
####...##.#.#


You could see an orc priest and an orc.

Vanquished Creatures
  A gnoll (D:1)
  An adder (D:2)
  2 orcs (D:2)
  An endoplasm (D:1)
  4 goblins (D:1)
  A hobgoblin (D:1)
  5 kobolds (D:1)
  2 bats (D:1)
  2 frilled lizards (D:1)
19 creatures vanquished.

Notes
Turn   | Place    | Note
-------+----------+-------------------------------------------
     0 | D:1      | qw the Gargoyle Hunter began the quest for the Orb.
     0 | D:1      | Reached XP level 1. HP: 12/12 MP: 1/1
     0 | D:1      | 0 ||| qw: Version: 0.3-a-76-g4403597
     0 | D:1      | 0 ||| qw: Game counter: 1072
     0 | D:1      | 0 ||| qw: Melee chars always use a shield: true
     0 | D:1      | 0 ||| qw: God list: Okawaru
     0 | D:1      | 0 ||| qw: Allow faded altars: false
     0 | D:1      | 0 ||| qw: Do Orc after clearing Dungeon:15 true
     0 | D:1      | 0 ||| qw: Do second Lair branch before Depths: true
     0 | D:1      | 0 ||| qw: Lair rune preference: random
     0 | D:1      | 0 ||| qw: Goals: Normal
     0 | D:1      | 0 ||| PLANNING D:1-11
    61 | D:1      | Found Ragiokh's Assorted Antiques.
    64 | D:1      | 64 ||| SHOPLISTING 2 viscous golden potions (46 gold, have
                  | 0).
    64 | D:1      | 64 ||| SHOPLISTING bubbling silvery potion (23 gold, have
                  | 0).
    64 | D:1      | 64 ||| SHOPLISTING scroll labelled ISUPPU EGAPRI (26 gold,
                  | have 0).
    64 | D:1      | 64 ||| SHOPLISTING smoking sling (169 gold, have 0).
   161 | D:1      | Reached XP level 2. HP: 14/17 MP: 2/2
   193 | D:1      | Found Kuskoih's Antique Weapon Emporium.
   524 | D:1      | Reached XP level 3. HP: 21/21 MP: 3/3
   534 | D:1      | Found Jiuxocw's Jewellery Boutique.
   549 | D:1      | 549 ||| SHOPLISTING +4 ring of protection (468 gold, have
                  | 9).
   549 | D:1      | 549 ||| SHOPLISTING amulet of Munur {Acrobat rC+ rN+ Will++
                  | Stlth-} (790 gold, have 9).
   549 | D:1      | 549 ||| SHOPLISTING amulet of regeneration (390 gold, have
                  | 9).
   862 | D:1      | Reached skill level 5 in Ranged Weapons
   979 | D:1      | 979 ||| UPGRADING to +0 pair of boots.
   984 | D:1      | 984 ||| UPGRADING to +0 ring mail.
   994 | D:1      | 994 ||| DROPPING +0 leather armour.
   995 | D:1      | 995 ||| UPGRADING to +0 pair of gloves.
  1000 | D:1      | 1000 ||| READING 2 scrolls labelled GONKID MUUBUDEODGH.
  1005 | D:1      | 1005 ||| READING scroll labelled MEKHLU ZEULEPE.
  1006 | D:1      | 1006 ||| READING scroll labelled UGIMARGHOIS.
  1007 | D:1      | 1007 ||| DRINKING 2 blue potions.
  1008 | D:1      | 1008 ||| DROPPING scroll of butterflies.
  1047 | D:2      | Reached skill level 1 in Armour
  1182 | D:2      | 1182 ||| RETREATING.
  1196 | D:2      | HP: 3/21 [something (3)]
  1197 | D:2      | 1197 ||| READING scroll of teleportation.
  1199 | D:2      | Killed from afar by an orc priest

Levels and vault maps discovered:
D:1:      lemuel_arrival_cross, layout_rooms, serial_shops, shop,
          nicolae_shop_behind_doors, nicolae_shop_hallway_stairs,
          serial_co_window_serial, co_window_paths_b, co_window_paths_b,
          co_window_paths_a, co_window_cross_1, co_window_paths_a,
          co_window_paths_b, co_window_paths_a, co_window_unsneaky_path_c,
          co_window_broadway_c, co_window_cross_4, co_window_paths_d,
          co_window_sun, glass_columns_c, serial_park_tiny_pond,
          nrook_mini_vaults, minmay_misc_feat_alley
D:2:      cheibrodos_pilgrimage, layout_basic, ebering_ecumenical_altar_webs

Skill      XL: |  1  2  3 |
---------------+----------+-----
Ranged Weapons | 5 |  5.0
Armour         | 1 |  1.0
Fighting       | |  2.3
Dodging        | |  1.5
Stealth        | |  1.1

Action                     || total
---------------------------++-------
   Fire: Shortbow          ||    67
    Use: Scroll            ||     4
         Potion            ||     1
 Armour: Leather armour    ||    10
         Ring mail         ||    22
  Dodge: Dodged            ||    27

Table legend:
 A = Non-vault XP
 B = Vault XP
 C = Vault XP percentage of total XP
 D = Non-vault monster count
 E = Vault monster count
 F = Vault count percentage of total count
                 A         B        C        D         E       F
            +---------+---------+-------+---------+---------+-------
      Total |      52 |       6 |  10.3 |      17 |       2 |  10.5
            +---------+---------+-------+---------+---------+-------
        D:1 |      39 |       0 |   0.0 |      16 |       0 |   0.0
        D:2 |      13 |       6 |  31.6 |       1 |       2 |  66.7
            +---------+---------+-------+---------+---------+-------
